[Event "Late-Titled-Tuesday-Blitz-October-10-2023"]
[Site "Chess.com"]
[Date "2023.10.10"]
[Round "4"]
[White "Hirna2005"]
[Black "DonJuanEGenaro"]
[Result "1-0"]
[WhiteElo "2271"]
[BlackElo "1911"]
[TimeControl "180+1"]
[EndTime "14:35:57 PDT"]
[Termination "Hirna2005 won by resignation"]

1. e4 d6 2. d4 e5 3. Nf3 Nf6 4. Nc3 Nbd7 5. Bc4 Be7 6. h3 O-O 7.
Be3 c6 8. dxe5 dxe5 9. Qe2 b5 10. Bd3 Qc7 11. O-O Nc5 12. Rac1 b4 13. Bxc5 Bxc5 14.
Na4 Be7 15. c3 a5 16. cxb4 axb4 17. b3 c5 18. Rc2 Bd7 19. Bb5 Bxb5 20. Qxb5 Rfb8 21. Qc4 Nd7 22. Rd1 h6 23. Qd5 Nb6 24. Nxb6 Qxb6 25. Nxe5 Rd8 26. Qxf7+ Kh7 27. Rd5 Qf6 28.
Qxf6 Bxf6 29. Nd7 Bd4 30. Kf1 Ra7 31. Nb6 Rxd5 32. Nxd5 Kg6 33. f3 Kf7 34. Ke2 Ke6 35.
Kd3 g5 36. Kc4 Ke5 37. Kb5 Rg7 38. Nb6 h5 39. Na4 g4 40. hxg4 hxg4 41. Nxc5 gxf3 42. gxf3 Kf4 43. Ne6+ Kxf3 44. Nxg7 Bxg7 45. Kxb4 Kxe4 46. Kb5 1-0

[Event "Late-Titled-Tuesday-Blitz-October-10-2023"]
[Site "Chess.com"]
[Date "2023.10.10"]
[Round "4"]
[White "Msb2"]
[Black "Ramosha"]
[Result "1-0"]
[WhiteElo "3034"]
[BlackElo "2617"]
[TimeControl "180+1"]
[EndTime "14:36:01 PDT"]
[Termination "Msb2 won by resignation"]

1. d4 Nf6 2. c4 e6 3. Nc3 Bb4 4. e3 O-O 5. Bd2 d5 6. Nf3 c6 7. Rc1 b6 8. Bd3 dxc4 9. Bxc4 Ba6 10. Bxa6 Nxa6 11. O-O Nc7 12. Ne5 c5 13. Nc6 Qe8 14. Nxb4 cxb4 15. Ne2 Ncd5 16. f3 a5 17. e4 Ne7 18.
Be3 Qb5 19. Nf4 Ng6 20. Qd3 Qa4 21. b3 Nxf4 22. Bxf4 Qd7 23. Rc7 Qd8 24. Rfc1 Nd7 25. Qb5 Nf6 26. Be5 Re8 27. h3 Nh5 28. Qd7 Qxd7 29.
Rxd7 Rad8 30. Rcc7 f6 31. Bd6 Rxd7 32. Rxd7 f5 33.
exf5 exf5 34. Be5 Nf6 35. Rd6 Rc8 36. Bxf6 gxf6 37. Rxb6 Rc2 38. Rxf6 Rxa2 39. Rxf5 Kg7 40. Rb5 Kf6 41. Kh2 Ke6 42. Kg3 Kd6 43. d5 Ra3 44. Kf4 Rxb3 45. Rxa5 Rc3 46. Rb5 Rc4+ 47. Ke3 Rc2 48. g4 Rc3+ 49. Ke4 Rc4+ 50. Kf5 Rc3 51. Kf4 b3 52. h4 Rc4+ 53. Kg5 Ke5 54. Rxb3 Kxd5 55.
Re3 1-0

[Event "Late-Titled-Tuesday-Blitz-October-10-2023"]
[Site "Chess.com"]
[Date "2023.10.10"]
[Round "4"]
[White "bettercallcafu"]
[Black "KorolDimitriy75"]
[Result "1-0"]
[WhiteElo "2649"]
[BlackElo "2416"]
[TimeControl "180+1"]
[EndTime "14:36:02 PDT"]
[Termination "bettercallcafu won on time"]

1. d4 Nf6 2. c4 c5 3. d5 b5 4. cxb5 a6 5. bxa6 g6 6. Nc3 Bxa6 7. e4 Bxf1 8. Kxf1 d6 9. Nf3 Bg7 10. g3 O-O 11. Kg2 Nbd7 12. a4 Qb8 13. Qc2 Qb4 14. Bd2 Nb6 15. Rhe1 Nc4 16. Na2 Qxa4 17. b3 Na3 18. Qd3 Qa6 19. Qxa6 Rxa6 20. Nc3 Rb8 21. e5 Ng4 22. exd6 exd6 23. h3 Ne5 24. Nxe5 Bxe5 25.
Ra2 Rxb3 26. Ne4 Rab6 27. Nxc5 Rb2 28. Rxb2 Rxb2 29. Bc1 Ra2 30. Nd3 Bd4 31. Re8+ Kg7 32. Ra8 Bc5 33. Nxc5 dxc5 34. Rxa3 Rc2 35. Be3 Kf6 36. d6 Ke6 37. Rd3 Kd7 38. Rd5 c4 39. Kf3 f5 40. Bf4 Rc3+ 41. Ke2 Rc2+ 42. Ke1 Ra2 43.
Rc5 Ra4 44. Rc7+ Ke6 45. Ke2 1-0

[Event "Late-Titled-Tuesday-Blitz-October-10-2023"]
[Site "Chess.com"]
[Date "2023.10.10"]
[Round "4"]
[White "Gravity_Chess"]
[Black "Jospem"]
[Result "0-1"]
[WhiteElo "2880"]
[BlackElo "3115"]
[TimeControl "180+1"]
[EndTime "14:36:03 PDT"]
[Termination "Jospem won by resignation"]

1. c4 c5 2. Nf3 Nc6 3. d4 cxd4 4. Nxd4 Nf6 5. Nc3 e6 6. g3 Qb6 7. Ndb5 Ne5 8. Bg2 a6 9. Na4 Qa5+ 10. Nbc3 d6 11. b3 Be7 12. O-O O-O 13. Be3 Ned7 14. Qd2 Qc7 15. Rfd1 Rb8 16. Rac1 Rd8 17. b4 b6 18. Ne4 Nxe4 19. Bxe4 Bb7 20. Bxb7 Qxb7 21. a3 Rbc8 22. f3 h6 23. Rc2 b5 24. cxb5 axb5 25. Nc3 Ne5 26. Bf2 Nc4 27. Qc1 d5 28. e4 Bf6 29.
exd5 Bxc3 30. Rxc3 Rxd5 31. Rxd5 Qxd5 32. Qf4 Ra8 33. Qc1 Ne5 34. Kg2 Nc4 35. Kg1 g5 36.
h3 Ne5 37. Kg2 Nc4 38. Kg1 Rd8 39. Kg2 Rc8 40. Kg1 f6 41. Kg2 Kg7 42. Kg1 e5 43.
Kg2 Rc6 44. Kg1 h5 45. Kh2 e4 46. fxe4 Qxe4 47. Qc2 Qe6 48. Qd3 Ne5 49. Rxc6 Qxc6 50. Qf5 Nf3+ 0-1

[Event "Late-Titled-Tuesday-Blitz-October-10-2023"]
[Site "Chess.com"]
[Date "2023.10.10"]
[Round "4"]
[White "Grig1508"]
[Black "Sofiia_Hryzlova"]
[Result "0-1"]
[WhiteElo "1997"]
[BlackElo "2312"]
[TimeControl "180+1"]
[EndTime "14:36:03 PDT"]
[Termination "Sofiia_Hryzlova won on time"]

1. e4 e6 2. d4 d5 3. e5 c5 4.
c3 Nc6 5. Nf3 Nge7 6. Bd3 cxd4 7. cxd4 Nb4 8. Bb5+ Nec6 9. O-O a6 10. Ba4 b5 11. Bb3 Na5 12. a3 Nxb3 13. Qxb3 Nc6 14. Nc3 Be7 15. Ne2 g5 16. Ne1 Bd7 17. f4 g4 18. Nd3 Na5 19. Qd1 h5 20. f5 exf5 21. Ng3 Qb6 22. Be3 Nc4 23. Bf2 h4 24. Ne2 g3 25. hxg3 hxg3 26. Nxg3 Qh6 27. Be1 Ne3 28. Qf3 Ng4 29. Rf2 Bg5 30. Qxd5 Qh2+ 31. Kf1 Ne3+ 0-1

[Event "Late-Titled-Tuesday-Blitz-October-10-2023"]
[Site "Chess.com"]
[Date "2023.10.10"]
[Round "4"]
[White "FMJoseHerrera"]
[Black "DanielNaroditsky"]
[Result "0-1"]
[WhiteElo "2754"]
[BlackElo "3175"]
[TimeControl "180+1"]
[EndTime "14:36:04 PDT"]
[Termination "DanielNaroditsky won by resignation"]

1. Nf3 Nf6 2. g3 g6 3. Bg2 Bg7 4. d3 d5 5. Nc3 Nc6 6. h4 h5 7. Bg5 d4 8. Nb1 O-O 9. O-O Nd5 10. Qd2 Kh7 11. c4 Nb6 12. Qc1 a5 13. Na3 Nd7 14. Nb5 Nc5 15. b3 f6 16. Bd2 e5 17. Qb2 Bg4 18. a3 a4 19. b4 Nb3 20. Rae1 Ne7 21. Nfxd4 exd4 22. Bxb7 Rb8 23. Bg2 Nxd2 24. Qxd2 c6 25. Nxd4 Qxd4 26. e3 Qd7 27. d4 Bh3 28.
Bh1 Bxf1 29. Kxf1 Rbd8 30. Qc2 f5 31. Qxa4 f4 32. exf4 Bxd4 33. Be4 Kg7 34. Kg2 Ra8 35. Qb3 Nf5 36. c5 Rae8 37. Qf3 Qe6 38. Qd3 Ne3+ 39.
fxe3 Qxe4+ 40. Qxe4 Rxe4 41. Kf3 Rfe8 0-1

[Event "Late-Titled-Tuesday-Blitz-October-10-2023"]
[Site "Chess.com"]
[Date "2023.10.10"]
[Round "4"]
[White "JoakimVonAnd"]
[Black "Witaliss"]
[Result "0-1"]
[WhiteElo "2678"]
[BlackElo "2502"]
[TimeControl "180+1"]
[EndTime "14:36:04 PDT"]
[Termination "Witaliss won by checkmate"]

1. c4 c6 2. Nf3 d5 3. g3 Nf6 4.
Bg2 Bg4 5. Ne5 Bh5 6. Qb3 Qb6 7. cxd5 Qxb3 8. axb3 cxd5 9. Nc3 Nc6 10. Nd3 e6 11.
Nf4 Bg6 12. Nxg6 hxg6 13. e4 dxe4 14. Nxe4 Nd5 15. Nc3 Ndb4 16. O-O Bc5 17. Ne4 Be7 18. d4 Nxd4 19. Be3 Nbc2 20. Bxd4 Nxd4 21. Nc3 Nc6 22. Bxc6+ bxc6 23. Ra6 Kd7 24. Rfa1 Bc5 25. Rd1+ Kc7 26. Na4 Bb6 27. Ra1 Kb7 28. Nc3 Rad8 29. b4 Rd2 30. b5 Bxf2+ 31. Kf1 Rxh2 32. bxc6+ Kc8 33. Ne4 Rxb2 34. Rxa7 Bxa7 35. Rxa7 Rh1# 0-1

[Event "Late-Titled-Tuesday-Blitz-October-10-2023"]
[Site "Chess.com"]
[Date "2023.10.10"]
[Round "4"]
[White "josiur"]
[Black "DonBroca"]
[Result "0-1"]
[WhiteElo "2485"]
[BlackElo "2235"]
[TimeControl "180+1"]
[EndTime "14:36:10 PDT"]
[Termination "DonBroca won by checkmate"]

1. e4 c5 2. Nf3 g6 3. Bc4 Nc6 4.
O-O Bg7 5. Re1 d6 6. c3 Nf6 7. h3 O-O 8. d4 e6 9. Bg5 d5 10. exd5 exd5 11. Bb5 Qb6 12. Na3 cxd4 13. Nxd4 Nxd4 14.
Qxd4 Qxd4 15. cxd4 a6 16. Ba4 Ne4 17. Be7 Bxd4 18.
Rab1 Bxf2+ 19. Kf1 Bxe1 20. Rxe1 Bf5 21. Bxf8 Kxf8 22.
g4 Be6 23. Nc2 b5 24. Bb3 Nd2+ 25. Kg2 Nxb3 26. axb3 Rc8 27. Nd4 Bd7 28. Ra1 Ra8 29. b4 Ke7 30. Kf3 Kd6 31. Kf4 f5 32. gxf5 Bxf5 33.
Nxf5+ gxf5 34. Kxf5 Rf8+ 35. Kg5 Ke5 36. Rxa6 Rg8+ 37.
Kh6 Rg6+ 38. Rxg6 hxg6 39. Kxg6 d4 40. h4 d3 41. h5 d2 42. h6 d1=Q 43. h7 Qg4+ 44. Kf7 Qh5+ 45. Kg8 Qg6+ 46. Kh8 Qf7 47. b3 Qf8# 0-1

[Event "Late-Titled-Tuesday-Blitz-October-10-2023"]
[Site "Chess.com"]
[Date "2023.10.10"]
[Round "4"]
[White "alexrustemov"]
[Black "StarkyNZ"]
[Result "1/2-1/2"]
[WhiteElo "2840"]
[BlackElo "2352"]
[TimeControl "180+1"]
[EndTime "14:36:13 PDT"]
[Termination "Game drawn by agreement"]

1. d4 Nf6 2. c4 e6 3. Nf3 b6 4. a3 Ba6 5. Qc2 c5 6. d5 exd5 7. cxd5 Bb7 8. e4 a6 9. Nc3 d6 10. a4 Nbd7 11. Bd3 g6 12. O-O Bg7 13. Bf4 Qe7 14. h3 Nh5 15. Bh2 O-O 16. Rfe1 Ne5 17.
Be2 Rae8 18. Nxe5 Bxe5 19. Bxh5 Bxh2+ 20. Kxh2 Qe5+ 21. Kg1 Qxh5 22. Qb3 Re7 23. Qxb6 Qe5 24. Re3 Bc8 25. Qb3 Rb7 26. Qc2 Rb4 27. Re2 a5 28. Nb5 Ba6 29. Qc3 Rxa4 30. Rxa4 Bxb5 31. Qc2 Bxa4 32.
Qxa4 Rb8 33. Qxa5 Rb4 34. g3 Kg7 35. Qd8 Rd4 36. Qh4 Rxd5 37. Qf4 Rd1+ 38. Kg2 1/2-1/2

[Event "Late-Titled-Tuesday-Blitz-October-10-2023"]
[Site "Chess.com"]
[Date "2023.10.10"]
[Round "4"]
[White "TatjanaVasilevich"]
[Black "SereneSalmon"]
[Result "1-0"]
[WhiteElo "2646"]
[BlackElo "2408"]
[TimeControl "180+1"]
[EndTime "14:36:17 PDT"]
[Termination "TatjanaVasilevich won by checkmate"]

1. Nf3 d5 2. b3 Nf6 3. Bb2 c5 4.
d4 cxd4 5. Qxd4 Nc6 6. Qd1 e6 7. e3 Be7 8. Nbd2 O-O 9. c4 b6 10. cxd5 Nxd5 11. a3 Bb7 12. Be2 Bf6 13. Qb1 Nc3 14.
Bxc3 Bxc3 15. Ra2 Rc8 16. O-O Bf6 17. Ne4 Be7 18. b4 Qc7 19. Rc2 Qb8 20. Bd3 g6 21.
Rfc1 Rfd8 22. Qb3 Ne5 23. Rxc8 Nxf3+ 24. gxf3 Rxc8 25. Rxc8+ Qxc8 26. Qc4 Qd7 27. Kf1 Bd5 28. Qc3 Qd8 29. a4 f5 30. Nd2 Bf6 31. Qc2 Qd6 32. Qc8+ Kg7 33. b5 Bxf3 34. Nxf3 Qxd3+ 35. Kg2 Qe4 36. h3 g5 37. Qc6 Qd5 38. Kg1 h6 39. Qc7+ Kg6 40. Nh2 Be5 41. Qxa7 Qd1+ 42. Kg2 Bxh2 43.
Kxh2 Qf1 44. Kg3 Qg1+ 45. Kf3 g4+ 46. Ke2 gxh3 47. Qxb6 h2 48. Qxe6+ Kg5 49. f4+ Kg4 50.
Qg6+ Kh3 51. Qxf5+ Kg2 52. Qe4+ Kg3 53. Qg6+ Kh3 54. Qxh6+ Kg2 55. Qg5+ Kh3 56. Qh5+ Kg2 57. Qf3# 1-0

[Event "Late-Titled-Tuesday-Blitz-October-10-2023"]
[Site "Chess.com"]
[Date "2023.10.10"]
[Round "4"]
[White "MaxLeto"]
[Black "AlexandraBotez"]
[Result "1-0"]
[WhiteElo "2502"]
[BlackElo "2282"]
[TimeControl "180+1"]
[EndTime "14:36:19 PDT"]
[Termination "MaxLeto won on time"]

1. g4 d5 2. Bg2 Bxg4 3. c4 c6 4. Qb3 Qb6 5. Qxb6 axb6 6. cxd5 e5 7. Nc3 Nf6 8. Nf3 Bd6 9. Ng5 O-O 10. d3 Bb4 11.
Bd2 h6 12. Nge4 Nxd5 13. Nxd5 Bxd2+ 14. Nxd2 cxd5 15. Bxd5 Ra7 16. Rg1 Bd7 17. Nc4 Bc6 18. Nxb6 Bxd5 19. Nxd5 Nc6 20. a3 Rd8 21. Ne3 b5 22.
Nf5 g6 23. Rc1 Nd4 24. Nxh6+ Kg7 25. Ng4 b4 26. axb4 Rb8 27. Nxe5 Rxb4 28. e3 Nf5 29. Nc6 Rc7 30. Rc2 Rb6 31. Nd4 1-0

[Event "Late-Titled-Tuesday-Blitz-October-10-2023"]
[Site "Chess.com"]
[Date "2023.10.10"]
[Round "4"]
[White "Bala-Afiada"]
[Black "Nekoo04"]
[Result "1-0"]
[WhiteElo "1943"]
[BlackElo "2262"]
[TimeControl "180+1"]
[EndTime "14:36:19 PDT"]
[Termination "Bala-Afiada won on time"]

1. d4 d5 2. c4 e6 3. Nf3 Nf6 4.
g3 dxc4 5. Qa4+ Bd7 6. Qxc4 c5 7.
dxc5 Qa5+ 8. Bd2 Qxc5 9. Qxc5 Bxc5 10. Bg2 Nc6 11. O-O O-O 12. Nc3 Rac8 13. Rac1 Rfd8 14. Nb5 Be7 15. Rfd1 a6 16. Nbd4 b5 17. Nxc6 Bxc6 18. Bc3 Nd5 19. Ba5 Re8 20. Ne5 Bb7 21. e4 Nf6 22. f3 Rxc1 23. Rxc1 Rc8 24. Rxc8+ Bxc8 25. Nc6 Bc5+ 26. Kf1 Kf8 27. a3 Ke8 28. b4 Be7 29.
Nxe7 Kxe7 30. Ke2 Bb7 31. Ke3 Nd7 32. Bc7 1-0

[Event "Late-Titled-Tuesday-Blitz-October-10-2023"]
[Site "Chess.com"]
[Date "2023.10.10"]
[Round "4"]
[White "Superfelix"]
[Black "josiwales"]
[Result "0-1"]
[WhiteElo "2488"]
[BlackElo "2744"]
[TimeControl "180+1"]
[EndTime "14:36:20 PDT"]
[Termination "josiwales won by resignation"]

1. e4 c5 2. Nf3 Nc6 3. Bb5 Na5 4. c3 a6 5. Ba4 e6 6. Bc2 Nc6 7.
d4 cxd4 8. cxd4 d5 9. exd5 Qxd5 10. Nc3 Qd8 11. d5 exd5 12. Qxd5 Be6 13. Qxd8+ Rxd8 14. a3 h6 15. Be3 Nf6 16. O-O Bd6 17. Bb6 Rd7 18. Rad1 O-O 19. Rd2 Bg4 20. Rfd1 Bf4 21. Rxd7 Nxd7 22. Be3 Bxe3 23. fxe3 Nde5 24. Kf2 Nc4 25. b3 Nxa3 26. Be4 Rd8 27. Bxc6 Rxd1 28. Nxd1 bxc6 29. Nb2 c5 30. Nd2 Be6 31. Kf3 f5 32. Kf4 Kf7 33. Ke5 Ke7 34. e4 fxe4 35. Nxe4 c4 36. bxc4 Nxc4+ 37. Nxc4 Bxc4 38. Nc5 a5 39. g4 Bb5 40. Ne4 a4 41. Nc3 a3 42. Kd4 Bd7 43.
h3 Be6 0-1

[Event "Late-Titled-Tuesday-Blitz-October-10-2023"]
[Site "Chess.com"]
[Date "2023.10.10"]
[Round "4"]
[White "Zapateado"]
[Black "Artyom_ChessMate"]
[Result "0-1"]
[WhiteElo "2343"]
[BlackElo "2512"]
[TimeControl "180+1"]
[EndTime "14:36:20 PDT"]
[Termination "Artyom_ChessMate won on time"]

1. c4 c5 2. Nc3 g6 3. g3 Bg7 4.
Bg2 d6 5. e4 e5 6. Nge2 Ne7 7.
O-O O-O 8. d3 Nbc6 9. a3 Rb8 10.
Rb1 a6 11. b4 b5 12. cxb5 axb5 13. bxc5 dxc5 14. Rxb5 Ba6 15. Rxb8 Qxb8 16. Be3 Rd8 17. Nd5 Nxd5 18. exd5 Nd4 19. Nxd4 cxd4 20. Bg5 f6 21.
Bc1 Qb5 22. Re1 Qxd3 23. Qxd3 Bxd3 24. f4 Bc4 25. fxe5 fxe5 26. Bg5 Rd7 27. Bh3 Ra7 28.
d6 h6 29. d7 Rxd7 30. Bxd7 hxg5 31. Rc1 Bd5 32. Rc5 Bf3 33. Be6+ Kh7 34. Bd5 e4 35.
Rc7 d3 36. Bb3 e3 37. Re7 d2 38. Kf1 Bd5 39. Bd1 Bc4+ 40. Kg2 e2 41. Rxe2 Bxe2 42. Bxe2 Bc3 43. Bd1 Kg7 44. a4 Kf6 45. Kf3 Ke5 46.
Kg4 Kf6 47. h3 Ba5 48. Kf3 Ke5 49. Ke3 Kd5 50. Ke2 Kd4 51. Bc2 Kc3 52. Kd1 Bc7 53.
g4 Bf4 0-1

[Event "Late-Titled-Tuesday-Blitz-October-10-2023"]
[Site "Chess.com"]
[Date "2023.10.10"]
[Round "4"]
[White "cthake"]
[Black "Fore_Man"]
[Result "0-1"]
[WhiteElo "1960"]
[BlackElo "2278"]
[TimeControl "180+1"]
[EndTime "14:36:20 PDT"]
[Termination "Fore_Man won by resignation"]

1. e4 Nf6 2. e5 Ng8 3. d4 d6 4. exd6 cxd6 5. g3 Nf6 6. Bg2 Nbd7 7. b3 g6 8. Bb2 Bg7 9. Ne2 O-O 10. O-O Nb6 11.
c4 Qc7 12. Nd2 Bf5 13. Rc1 Qd8 14. Nf4 Rb8 15. d5 Ne8 16. Bxg7 Nxg7 17. Nf3 Bg4 18. h3 Bd7 19. h4 a5 20. Qd3 a4 21.
Ng5 axb3 22. axb3 h6 23. Nfe6 fxe6 24. Qxg6 hxg5 25. Be4 Rf6 26. Qh7+ Kf7 27. hxg5 Qh8 28. g6+ Rxg6 29. Qxg6+ Kg8 30. dxe6 Bxe6 31. f4 Bf7 32. Qg4 Qh5 33. Qxh5 Nxh5 34. Kg2 d5 35. Bf3 dxc4 36. bxc4 Nf6 37. c5 Nbd5 38. Rfd1 Ne3+ 39. Kf2 Nxd1+ 40. Rxd1 Kf8 41. g4 e6 42. Rb1 Nd5 43.
Bxd5 exd5 44. c6 b5 45. c7 Rc8 46. Rxb5 Rxc7 47. Ke3 Ke7 48. f5 Rc3+ 49. Kf4 Rc4+ 50. Kg5 d4 51. Rb7+ Ke8 52. Kf6 Rc6+ 53. Ke5 d3 54.
Rb8+ Ke7 55. Rb7+ Kf8 56. Rd7 Bc4 57. g5 Ke8 58. Rd4 Rc5+ 59. Kd6 Rd5+ 60. Rxd5 Bxd5 61. Kxd5 d2 62. f6 d1=Q+ 0-1

[Event "Late-Titled-Tuesday-Blitz-October-10-2023"]
[Site "Chess.com"]
[Date "2023.10.10"]
[Round "4"]
[White "lamomiajunior"]
[Black "Krakozia"]
[Result "1/2-1/2"]
[WhiteElo "2740"]
[BlackElo "2991"]
[TimeControl "180+1"]
[EndTime "14:36:21 PDT"]
[Termination "Game drawn by repetition"]

1. d4 d5 2. c4 e6 3. Nc3 Nf6 4. cxd5 exd5 5. Bg5 c6 6. e3 h6 7. Bh4 Be7 8. Bd3 O-O 9. Nf3 Ne4 10.
Bxe7 Qxe7 11. Qc2 Nd6 12. O-O Nd7 13. Rae1 Nf6 14. Ne5 Be6 15. f4 Rac8 16. h3 c5 17. Qf2 c4 18. Bb1 b5 19. e4 dxe4 20. Nxe4 Nfxe4 21. Bxe4 Nxe4 22. Rxe4 Bd5 23. Ree1 Qd6 24. f5 f6 25. Ng6 Rfe8 26. Rxe8+ Rxe8 27. Re1 Bf7 28. Rxe8+ Bxe8 29. Qe3 Bf7 30. Qe4 Kh7 31. h4 b4 32.
h5 Qd5 33. Qe7 c3 34. Qf8 Bg8 35. bxc3 bxc3 36. Qc8 Qxd4+ 37. Kh1 Qd1+ 38. Kh2 Qxh5+ 39. Kg1 Qd1+ 40. Kh2 Qd6+ 41. Kh3 h5 42. Nf8+ Kh6 43. Ng6 Qd3+ 44. Kh2 Qc4 45. Qd8 c2 46. Qd2+ Kh7 47.
Nf8+ Kh8 48. Ng6+ Kh7 49. Nf8+ Kh8 50. Ng6+ Kh7 1/2-1/2

[Event "Late-Titled-Tuesday-Blitz-October-10-2023"]
[Site "Chess.com"]
[Date "2023.10.10"]
[Round "4"]
[White "topin8"]
[Black "Horokoskii"]
[Result "1-0"]
[WhiteElo "2422"]
[BlackElo "2105"]
[TimeControl "180+1"]
[EndTime "14:36:21 PDT"]
[Termination "topin8 won by resignation"]

1. e4 e6 2. d4 d5 3. Nd2 Nc6 4. Ngf3 Nf6 5. Bd3 dxe4 6. Nxe4 Be7 7. O-O O-O 8. Re1 Kh8 9. c3 b6 10. Nfg5 h6 11. Nxf6 Bxf6 12. Nh7 Rg8 13. Qf3 Bb7 14. Nxf6 Qxf6 15. Qe4 Qf5 16. Qxf5 exf5 17. Bxf5 Rge8 18. Bf4 Ne7 19. Bd7 Nd5 20. Rxe8+ Rxe8 21. Bxe8 Nxf4 22. f3 Kg8 23. Bb5 g5 24. Re1 Kf8 25. Kf2 a6 26. Re8+ Kg7 27. Bf1 Bd5 28. b3 b5 29.
c4 bxc4 30. Bxc4 Be6 31. Bxe6 Nxe6 32. Ke3 Kf6 33. g3 c5 34. dxc5 Nxc5 35. Rc8 Ne6 36. Rc6 Ke5 37. Rxa6 Nc5 38. Ra5 Kd6 39. b4 Nd7 40. Ra6+ Kd5 41. Rxh6 f5 42. a4 Nb8 43. b5 Nd7 44. a5 Nc5 45. a6 Ke5 46. a7 f4+ 47. gxf4+ gxf4+ 48. Ke2 1-0

[Event "Late-Titled-Tuesday-Blitz-October-10-2023"]
[Site "Chess.com"]
[Date "2023.10.10"]
[Round "4"]
[White "ElCoachRene"]
[Black "PatzerSmashers"]
[Result "0-1"]
[WhiteElo "2164"]
[BlackElo "2394"]
[TimeControl "180+1"]
[EndTime "14:36:22 PDT"]
[Termination "PatzerSmashers won by resignation"]

1. d4 d5 2. Bf4 c5 3. e3 Nc6 4. c3 Qb6 5. Qb3 c4 6. Qc2 e5 7.
dxe5 Bf5 8. Qc1 g5 9. Bg3 h5 10. h3 Bg7 11. Nf3 g4 12. Nd4 Nge7 13. Nxf5 Nxf5 14.
Bf4 O-O-O 15. hxg4 hxg4 16. Rxh8 Rxh8 17. Na3 Bxe5 18.
Qd2 Bxf4 19. exf4 Re8+ 20. Be2 g3 21. O-O-O gxf2 22. Bg4 Ne7 23. Nxc4 Qe6 24. Ne3 d4 25. cxd4 Kb8 26. Nxf5 Nxf5 27. Qxf2 Qc6+ 28. Qc2 Qxc2+ 29. Kxc2 Ne3+ 0-1

[Event "Late-Titled-Tuesday-Blitz-October-10-2023"]
[Site "Chess.com"]
[Date "2023.10.10"]
[Round "4"]
[White "GMMikhailKazakov"]
[Black "jguerramzllo"]
[Result "0-1"]
[WhiteElo "2370"]
[BlackElo "2662"]
[TimeControl "180+1"]
[EndTime "14:36:23 PDT"]
[Termination "jguerramzllo won by resignation"]

1. d4 Nf6 2. c4 e6 3. Nf3 b6 4. a3 Bb7 5. Nc3 d6 6. g3 Ne4 7. Nxe4 Bxe4 8. Bg2 Nd7 9. O-O Be7 10. Ne1 Bxg2 11. Nxg2 O-O 12. e4 c6 13. f4 Nf6 14.
Qf3 d5 15. e5 Ne4 16. f5 exf5 17. Qxf5 Qc8 18. cxd5 Qxf5 19. Rxf5 cxd5 20. Ne3 Rfd8 21. Kg2 Rac8 22. h4 a5 23. Rf4 a4 24. Nxd5 Rxd5 25. Rxe4 f5 26. exf6 Bxf6 27. Be3 Rc2+ 28. Kf3 Rxb2 29. Rc1 h5 30. Rc3 Rb3 31. Rxb3 axb3 32.
Re8+ Kf7 33. Rb8 Rb5 34. Bc1 b2 35. Bxb2 Rxb2 36. Ke4 Rb3 37. a4 Rb4 38. Kd5 Rxd4+ 39. Kc6 Rxa4 0-1

[Event "Late-Titled-Tuesday-Blitz-October-10-2023"]
[Site "Chess.com"]
[Date "2023.10.10"]
[Round "4"]
[White "UK_23"]
[Black "2346PL"]
[Result "1-0"]
[WhiteElo "2375"]
[BlackElo "2507"]
[TimeControl "180+1"]
[EndTime "14:36:24 PDT"]
[Termination "UK_23 won by resignation"]

1. e4 e5 2. Nf3 Nf6 3. Nxe5 Nxe4 4.
Qe2 Qe7 5. Qxe4 d6 6. d4 dxe5 7. dxe5 Nc6 8. Nc3 Qxe5 9. Bf4 Qxe4+ 10. Nxe4 Bb4+ 11. c3 Ba5 12. Bb5 Bd7 13. Nc5 O-O-O 14. Nxd7 Rxd7 15. O-O Bb6 16. Rad1 Rhd8 17. Be2 g6 18. Bg5 Rxd1 19. Rxd1 Rxd1+ 20. Bxd1 Ne5 21. Be2 c6 22. a4 Bc7 23. h3 Kd7 24. Be3 b6 25. f4 f5 26. fxe5 Bxe5 27. Kf2 Ke6 28. Kf3 Bf6 29. Bc4+ Kd6 30. Bd4 Be7 31. Bg8 c5 32.
Be3 h6 33. Bh7 g5 34. Bxf5 Kd5 35. Bd3 c4 36. Be4+ Ke5 37. Bd4+ Ke6 38. Kg4 Bd6 39. Be3 Kf7 40. Kh5 Bf8 41. Bd5+ Kf6 42. Bxc4 Kf5 43. Bd3+ Ke5 44. Bd4+ Kf4 45. Kg6 Kg3 46. Be4 Kh4 47. Be5 g4 48. Bf6+ Kg3 49. hxg4 Kxg4 50. Bg7 Bc5 51. Bxh6 Kg3 52. b4 Bf2 53. Bd2 Bg1 54. Kf5 Kf2 55. Ke6 Ke2 56. Bf4 Bf2 57. Be5 Bh4 58. Kd7 a5 59. bxa5 bxa5 60. Kc6 Kd2 61. Kb5 Bd8 62. c4 1-0

[Event "Late-Titled-Tuesday-Blitz-October-10-2023"]
[Site "Chess.com"]
[Date "2023.10.10"]
[Round "4"]
[White "DopplerCharlotteDeWitte"]
[Black "subham777"]
[Result "1-0"]
[WhiteElo "2783"]
[BlackElo "2526"]
[TimeControl "180+1"]
[EndTime "14:36:27 PDT"]
[Termination "DopplerCharlotteDeWitte won on time"]

1. e4 e6 2. d3 c5 3. Nd2 Nc6 4. Ngf3 d6 5. g3 g6 6. Bg2 Bg7 7. O-O Nge7 8. h4 O-O 9. h5 f5 10. Nc4 d5 11. h6 Bf6 12. Ne3 d4 13. Nc4 b5 14. e5 Bh8 15. Nd6 Ba6 16. Bf4 Nd5 17.
Re1 Nxf4 18. gxf4 Qd7 19. Ng5 Rad8 20. Qf3 Nb4 21. Rec1 Qe7 22. a4 bxa4 23. Rxa4 Bxe5 24. fxe5 Qxg5 25. Rca1 Bb5 26. Nxb5 Qxh6 27. Rxa7 Nxc2 28. Rd1 Nb4 29. Nd6 Nd5 30. Qh3 Qxh3 31. Bxh3 Nf4 32. Bf1 Rb8 33. Rd2 Rb3 34. Rc2 Rfb8 35. Rxc5 Rxb2 36.
Rcc7 Nh5 37. Nf7 Rb1 38. Nh6+ Kf8 39. Rxh7 Rxf1+ 40. Kxf1 Rb1+ 41. Kg2 1-0

[Event "Late-Titled-Tuesday-Blitz-October-10-2023"]
[Site "Chess.com"]
[Date "2023.10.10"]
[Round "4"]
[White "Arimin1329"]
[Black "slorovel"]
[Result "1-0"]
[WhiteElo "2312"]
[BlackElo "2489"]
[TimeControl "180+1"]
[EndTime "14:36:28 PDT"]
[Termination "Arimin1329 won by checkmate"]

1. d4 a6 2. g3 g6 3. Bg2 Bg7 4.
Nf3 Nf6 5. O-O O-O 6. b3 b5 7. Bb2 Bb7 8. c4 d6 9. Nc3 b4 10. Nb1 Nbd7 11. Nbd2 Re8 12. Qc2 e5 13. d5 Nc5 14. e4 Bc8 15. Ne1 Nfd7 16. Nd3 Nxd3 17. Qxd3 Nc5 18. Qc2 f5 19. a3 fxe4 20. Nxe4 Nxe4 21.
Bxe4 bxa3 22. Bxa3 Bh3 23. Rfe1 Rf8 24. Bc1 Qf6 25. Be3 a5 26. Qd2 Rfb8 27. Rxa5 Rxa5 28. Qxa5 Rxb3 29. Qxc7 Rb2 30. Bg2 Bxg2 31. Kxg2 Bh6 32. Qc8+ Kg7 33. Qd7+ Kg8 34. Ra1 Qf8 35. Ra7 Bg7 36. Qe6+ Kh8 37. Rf7 Qg8 38. Rd7 Bf8 39. Bg5 Qxe6 40. dxe6 Rc2 41. Bf6+ Kg8 42. Rd8 Rxc4 43.
e7 Kf7 44. Rxf8+ Ke6 45. e8=Q+ Kd5 46. Qf7+ Ke4 47. Qxc4+ Kf5 48. g4# 1-0

[Event "Late-Titled-Tuesday-Blitz-October-10-2023"]
[Site "Chess.com"]
[Date "2023.10.10"]
[Round "4"]
[White "dorpato"]
[Black "wild3000"]
[Result "0-1"]
[WhiteElo "2059"]
[BlackElo "2313"]
[TimeControl "180+1"]
[EndTime "14:36:29 PDT"]
[Termination "wild3000 won on time"]

1. e4 a6 2. g3 h5 3. h4 b5 4.
Bg2 Bb7 5. d3 Nf6 6. Nf3 e6 7.
Bg5 Be7 8. O-O d6 9. Nbd2 c5 10. Qe2 Nc6 11. c3 Ng4 12. Bxe7 Qxe7 13. Nh2 Nf6 14.
f4 e5 15. f5 O-O-O 16. a4 b4 17. cxb4 Nxb4 18. Nc4 Kb8 19. Nf3 Ng4 20. Nh2 Nf6 21.
Nf3 Ka7 22. Ne1 Rhe8 23. Nc2 Nc6 24. Qd2 d5 25. exd5 Nxd5 26. b4 cxb4 27. Rab1 Qc5+ 28.
Kh1 a5 29. f6 gxf6 30. Bxd5 Qxd5+ 31. Kh2 Re6 32. Ne1 e4 33. Rc1 exd3 34. Qf2+ Kb8 35.
Nf3 Re2 36. Nb6 Rxf2+ 37. Rxf2 Qd6 38. Nc4 Qe6 39. Ncd2 Ne5 40. Nxe5 fxe5 41. Re1 e4 42. Rf4 f5 43. Nc4 d2 44. Rd1 e3 0-1

[Event "Late-Titled-Tuesday-Blitz-October-10-2023"]
[Site "Chess.com"]
[Date "2023.10.10"]
[Round "4"]
[White "tgpgoat"]
[Black "FaustinoOro"]
[Result "1-0"]
[WhiteElo "2548"]
[BlackElo "2865"]
[TimeControl "180+1"]
[EndTime "14:36:30 PDT"]
[Termination "tgpgoat won on time"]

1. Nf3 Nf6 2. d4 e6 3. Bg5 d5 4. Nbd2 h6 5. Bxf6 Qxf6 6. e4 dxe4 7. Nxe4 Qd8 8. Bd3 Nd7 9. Qe2 Be7 10. O-O-O O-O 11.
h4 b6 12. g4 Bb7 13. g5 h5 14. Ne5 g6 15. Rhg1 Kg7 16. Nf6 Bxf6 17. gxf6+ Nxf6 18. Nxg6 Qxd4 19. Nf4+ Kh8 20. Nxh5 Ng8 21. Rg7 Qxg7 22. Nxg7 Kxg7 23. Rg1+ Kf6 24. Qh5 Ke7 25. Rg7 Nf6 26. Qg5 Rg8 27. Rxg8 Rxg8 28. Qf4 Nd5 29. Qa4 a5 30. h5 Nb4 31. a3 Rg1+ 32. Kd2 Nd5 33.
Qh4+ Kf8 34. h6 1-0